Cogmind - Beta 17.1 @@@ ROGUE MODE // 2026.09.10 @ 18:44:21 Player: Skergy Result: Destroyed by S-10 Pest with Light Assault Rifle Performance ------------- Evolutions (0) 0 Regions Visited (2) 400 Robots Destroyed (13) 65 Value Destroyed (208) 208 Prototype IDs (0) 0 Alien Tech Used (0) 0 Bonus (0) 0 TOTAL SCORE: 673 Bonus ------- None Cogmind --------- Core Integrity 0/250 Matter 277/300 Energy 100/100 System Corruption 0% Temperature Cool (0) Movement Treading (240) Ox1 Location -10/Mines Parts ------- > --- POWER (1) -------- (None) > --- PROPULSION (2) --- Light Treads Light Treads > --- UTILITY (2) ------ High-capacity Storage Unit Seismic Detector > --- WEAPON (2) ------- Light Assault Rifle > --- INVENTORY (20) --- Ion Engine Light Treads Aluminum Leg Aluminum Leg Aluminum Leg Aluminum Leg Heat Sink Small Storage Unit Structural Scanner Signal Interpreter ECM Suite Light Armor Plating Small Laser Light Assault Rifle Peak State ------------ > --- POWER ------------ Light Ion Engine > --- PROPULSION ------- Light Treads Light Treads > --- UTILITY ---------- High-capacity Storage Unit Seismic Detector > --- WEAPON ----------- Light Assault Rifle Light Assault Rifle > --- INVENTORY -------- Ion Engine Light Treads Aluminum Leg Aluminum Leg Aluminum Leg Heat Sink Small Storage Unit ECM Suite Small Laser Mining Laser [Rating: 8] Favorites ----------- Power Light Ion Engine Engine Light Ion Engine Propulsion Light Treads Treads Light Treads Utility Seismic Detector Device Seismic Detector Storage High-capacity Storage Unit Weapon Light Assault Rifle Ballistic Gun Light Assault Rifle Special Weapon Mining Laser Build | -11 -10 -10 ------- Run | Yrd Mat Min Slots Evolved . | . . . Power . | . . . Propulsion . | . . . Utility . | . . . Weapon . | . . . Parts Attached 10 | 7 3 . Power 2 | 1 1 . Engine 2 | 1 1 . Core . | . . . Reactor . | . . . Propulsion 2 | 2 . . Treads 2 | 2 . . Leg . | . . . Wheel . | . . . Hover . | . . . Flight . | . . . Utility 3 | 2 1 . Device 1 | 1 . . Storage 2 | 1 1 . Processor . | . . . Hackware . | . . . Protection . | . . . Artifact . | . . . Weapon 3 | 2 1 . Energy Gun . | . . . Energy Cannon . | . . . Ballistic Gun 2 | 2 . . Ballistic Cannon . | . . . Launcher . | . . . Special Weapon 1 | . 1 . Impact Weapon . | . . . Slashing Weapon . | . . . Piercing Weapon . | . . . Special Melee Weapon . | . . . Unidentified Prototypes . | . . . Parts Lost 3 | . 1 2 Power 2 | . 1 1 Propulsion . | . . . Utility . | . . . Weapon 1 | . . 1 Highest Loss Streak 2 | . 1 2 To Critical Strikes . | . . . Average Backups 10 | 3 9 14 Power . | . . 1 Propulsion 3 | 1 3 5 Utility 3 | . 3 6 Weapon 1 | 1 2 2 Tool/Special . | . . . Unused Backups 11 | . . 11 Power 1 | . . 1 Propulsion 5 | . . 5 Utility 4 | . . 4 Weapon 1 | . . 1 Tool/Special . | . . . Average Slot Usage (%) 97 | . 99 91 Engine 12 | . 13 9 Treads 28 | . 28 28 Device 14 | . 14 14 Storage 14 | . 14 14 Ballistic Gun 23 | . 27 15 Special Weapon 3 | . . 8 Peak Build Rating 8 | 7 8 8 Average Rating 7 | 5 7 7 On Entrance 5 | . 7 8 Avg Prop Armor Cover (%) . | . . . Naked Turns . | . . . Heaviest Build 46 | 11 46 46 Greatest Support 40 | 40 40 40 Greatest Overweight (x) 1 | . 1 1 Average Overweight (x) . | . . 1 Largest Inventory Capacity 20 | 8 20 20 Average Capacity 18 | 7 19 20 Most Carried 14 | 5 14 14 Average Carried 10 | 3 9 14 Final Capacity 20 | 8 20 20 Final Carried 14 | 5 14 14 Class Distribution -------------------- 100% | Mutant Dominant Class ---------------- Mutant | -10/Materials Mutant | -10/Mines Resources | -11 -10 -10 ----------- Run | Yrd Mat Min Matter Collected 385 | 288 83 14 Remotely . | . . . Salvage Created 346 | 82 231 33 Parts 33 | 9 24 . Haulers Intercepted . | . . . Recyclers Shooed 1 | 1 . . Parts Field Recycled . | . . . Retrieved Matter . | . . . Parts Self-Destructed . | . . . Prevented . | . . . Parts Restored . | . . . Kills | -11 -10 -10 ------- Run | Yrd Mat Min Combat Hostiles Destroyed 11 | . 9 2 Guns 11 | . 9 2 Classes Destroyed 6 | 2 3 1 Tunneler 2 | 2 . . Recycler 1 | 1 . . Watcher 1 | . 1 . Swarmer 6 | . 6 . Grunt 3 | . 3 . Assembled 2 | . . 2 Best Kill Streak 3 | 2 3 2 Combat Bots Only 3 | . 3 2 Max Kills in Single Turn 1 | 1 1 1 Gunslinging . | . . . Exploded . | . . . Melee . | . . . Uniques/NPCs Destroyed . | . . . Combat | -11 -10 -10 -------- Run | Yrd Mat Min Hostile Shots Fired 68 | . 46 22 Missed 14 | . 9 5 Hits 54 | . 37 17 Melee 3 | . . 3 Projectile 51 | . 37 14 AOE 6 | . . 6 Damage Taken 758 | . 342 416 Core 255 | . 107 148 Absorbed by Shields . | . . . Core Remaining (%) 100 | 100 . . Volleys Fired 51 | 9 33 9 Largest 2 | 2 2 2 Hottest 100 | 40 100 40 Shots Fired 100 | 18 64 18 Gun 98 | 18 62 18 Cannon . | . . . Launcher . | . . . Special 2 | . 2 . Kinetic 98 | 18 62 18 Thermal 2 | . 2 . Explosive . | . . . Electromagnetic . | . . . Robot Hit Streak 11 | 4 7 11 Robot Miss Streak 5 | 1 2 5 Penetration Max . | . . . Secondary Targets 2 | . 2 . Max Gunslinging Chain 1 | . 1 . Shots Hit Robots 63 | 12 38 13 Core Hits 34 | 6 21 7 Critical Kills . | . . . Critical Parts Destroyed 1 | . . 1 Critical Strikes 1 | . . 1 Destroy 1 | . . 1 Melee Attacks . | . . . Impact . | . . . Slashing . | . . . Piercing . | . . . Sneak Attacks . | . . . Combat Hostiles . | . . . Follow-up Attacks . | . . . Damage Inflicted 530 | 100 308 122 Guns 518 | 100 308 110 Cannons . | . . . Explosions . | . . . Melee . | . . . Ramming 12 | . . 12 Kinetic 518 | 100 308 110 Thermal . | . . . Explosive . | . . . Electromagnetic . | . . . Impact . | . . . Slashing . | . . . Piercing . | . . . Highest Corruption . | . . . Average Corruption . | . . . Corruption Purged . | . . . Corruption Blocked . | . . . Overload Shots . | . . . Overflow Damage . | . . . Projectiles . | . . . Explosions . | . . . Melee . | . . . Knockbacks 1 | . . 1 Impact 1 | . . 1 Kinetic . | . . . Secondary . | . . . Self-Inflicted Damage . | . . . Shots . | . . . Rammed 1 | . . 1 Targets Rammed 1 | . . 1 Kicked . | . . . Crushed . | . . . Highest Temperature 40 | . 40 . Average Temperature 11 | . 11 . Received Heat Transfer 81 | . 81 . Siege Activations . | . . . Martial Activations . | . . . Shielding Activations . | . . . Robots Disrupted . | . . . Combat Hostiles . | . . . Robots Corrupted . | . . . Combat Hostiles . | . . . Parts Fried . | . . . Impact Corruptions . | . . . Robots Melted . | . . . Combat Hostiles . | . . . Parts Melted . | . . . Heat Transferred . | . . . Parts Sabotaged . | . . . Parts Stolen . | . . . Parts Stripped . | . . . Power Chain Reactions . | . . . Alert | -11 -10 -10 ------- Run | Yrd Mat Min Maximum Alert Level . | . . . Low Security (%) 100 | 100 100 100 Level 1 . | . . . Level 2 . | . . . Level 3 . | . . . Level 4 . | . . . Level 5 . | . . . High Security . | . . . Max Security . | . . . Peak Influence 70 | 5 70 . Initial . | . . . Average 13 | 1 21 . Influence Increases 265 | 15 250 . Destroy 0b10 Robot/C 180 | . 180 . Destroy 0b10 Robot/NC 20 | 15 5 . Destroy Leader 32 | . 32 . Successful Hack 3 | . 3 . Disable Machine 15 | . 15 . Lose Combat Pursuer 15 | . 15 . Influence Decreases 265 | 15 247 3 Entered New Map 3 | . . 3 Time Decay 252 | 15 237 . Lost Part 10 | . 10 . Squads Dispatched 2 | . 2 . Investigation 1 | . 1 . Extermination . | . . . Reinforcement 1 | . 1 . Assault . | . . . Garrison . | . . . Intercept . | . . . Searches Triggered . | . . . Construction Impeded . | . . . Haulers Reinforced . | . . . Active Scanning Responses . | . . . Cargo Convoy Interrupts . | . . . Stealth | -11 -10 -10 --------- Run | Yrd Mat Min Distress Signals 1 | . 1 . Communications Jammed . | . . . Distress Signals . | . . . Times Spotted 27 | . 15 12 Peak Tracking Total 7 | . 3 7 Tactical Retreats 2 | . 1 1 Traps | -11 -10 -10 ------- Run | Yrd Mat Min Traps Triggered 1 | . 1 . Indirectly . | . . . Trap Hack Attempts . | . . . Triggered . | . . . Disarmed . | . . . Reprogrammed . | . . . Reused . | . . . Traps Extracted . | . . . Installed . | . . . Triggered . | . . . Machines | -11 -10 -10 ---------- Run | Yrd Mat Min Machines Disabled 1 | . 1 . Max in Single Turn 1 | . 1 . Machines Repaired . | . . . Machines Dismantled . | . . . Machines Sabotaged . | . . . Overloaded Fab Kills . | . . . Hacking | -11 -10 -10 --------- Run | Yrd Mat Min Machines Accessed 3 | . 3 . Terminals 2 | . 2 . Fabricators . | . . . Repair Stations . | . . . Recycling Units 1 | . 1 . Scanalyzers . | . . . Garrison Access . | . . . Total Hacks 7 | . 7 . Successful 2 | . 2 . Failed 5 | . 5 . Catastrophic . | . . . Database Lockouts . | . . . Manual 5 | . 5 . Terminals 4 | . 4 . Fabricators . | . . . Repair Stations . | . . . Recycling Units 3 | . 3 . Scanalyzers . | . . . Garrison Access . | . . . Terminal Hacks 1 | . 1 . Recall Reinforcements 1 | . 1 . Fabricator Hacks . | . . . Repair Station Hacks . | . . . Recycling Unit Hacks . | . . . Scanalyzer . | . . . Garrison Access Hacks . | . . . Unauthorized Hacks 1 | . 1 . Terminals . | . . . Fabricators . | . . . Repair Stations . | . . . Recycling Units 1 | . 1 . Recyclers 1 | . 1 . Scanalyzers . | . . . Garrison Access . | . . . Data Cores Recovered . | . . . Used . | . . . Hacking Detections 3 | . 3 . Full Trace Events 1 | . 1 . Feedback Events . | . . . Feedback Blocked . | . . . Robot Schematics Acquired . | . . . Robots Built . | . . . Authchips . | . . . Time . | . . . Total Robot Build Rating . | . . . Part Schematics Acquired . | . . . Parts Built . | . . . Authchips . | . . . Time . | . . . Total Part Build Rating . | . . . Part Studies Acquired . | . . . Parts Repaired . | . . . Time . | . . . Parts Recycled . | . . . Recycled Matter . | . . . Retrieved Matter . | . . . Retrieved Components . | . . . Parts Scanalyzed . | . . . Part Schematics Acquired . | . . . Parts Damaged . | . . . Bothacking | -11 -10 -10 ------------ Run | Yrd Mat Min Used RIF Installer . | . . . Robots Hacked . | . . . Non-combat . | . . . Combat . | . . . Robot Hacks Applied . | . . . Relay Couplers Released . | . . . Fabnet Peak Effective % . | . . . Robots Rewired . | . . . Allies Hacked . | . . . Hacks Repelled . | . . . Allies | -11 -10 -10 -------- Run | Yrd Mat Min Total Allies . | . . . Largest Group . | . . . Highest-Rated Group . | . . . Highest-Rated Ally . | . . . Total Orders . | . . . Ally Attacks . | . . . Total Damage . | . . . Kills . | . . . Allies Corrupted . | . . . Allies Melted . | . . . Intel | -11 -10 -10 ------- Run | Yrd Mat Min Active Infowar (turns) 1354 | 63 892 399 Seismic 1354 | 63 892 399 Robot Analysis Total . | . . . Derelict Logs Recovered 1 | . . 1 Drone Launches . | . . . Drone Recoveries . | . . . Exploration | -11 -10 -10 ------------- Run | Yrd Mat Min Turns Passed 1411 | 120 892 399 Spaces Moved 533 | 53 329 151 Core 2 | 2 . . Treads 531 | 51 329 151 Legs . | . . . Wheels . | . . . Hover . | . . . Flight . | . . . Fastest Speed 50 | 50 160 240 Average Speed 231 | 155 239 240 Slowest Speed 240 | 160 240 240 Overloaded Moves . | . . . Propulsion Burnouts . | . . . Robots Hopped . | . . . Potential Cave-ins . | . . . Cave-ins Triggered . | . . . Exploration Rate (%) 28 | 5 55 25 Regions Visited 2 Branch Regions 1 Pre-discovered Areas . | . . . Known Exits Taken . | . . . Unknown Exits Taken 2 | 1 1 . Scrap Searched 1 | . . 1 Spaces Dug . | . . . Terrain Destroyed . | . . . Melee . | . . . Projectile . | . . . AOE . | . . . Terrain Rammed . | . . . Walls Destroyed . | . . . Machines Disabled . | . . . Actions | -11 -10 -10 --------- Run | Yrd Mat Min Total 621 | 73 377 171 Wait 10 | . 2 8 Move 531 | 52 328 151 Hop . | . . . Pick Up 14 | 5 9 . Fast Attach 7 | 7 . . Attach 2 | . 2 . Detach 1 | . 1 . Swap 4 | . 2 2 Drop . | . . . Fire 51 | 9 33 9 Melee . | . . . Ram . | . . . Kick . | . . . Crush 1 | . . 1 Escape Stasis . | . . . Rewire . | . . . Trap . | . . . Miscellaneous . | . . . Route ------- -11/Scrapyard -10/Materials (discovered 3 exits: [*Mat x2] / [*Min]) -10/Mines History --------- Turn | Location | Event 11 | -11/Scrapyard | Discovered new exit (range 15) 121 | -11/Scrapyard | Entered Materials 318 | -10/Materials | Build established: Mutant 540 | -10/Materials | Discovered new exit (range 9) 817 | -10/Materials | Discovered new exit (range 7) 956 | -10/Materials | Discovered new exit (range 12) 1013 | -10/Materials | Entered Mines 1241 | -10/Mines | Assembled infested the area 1269 | -10/Mines | Core integrity fell below 50% 1283 | -10/Mines | Core integrity fell below 20% 1412 | -10/Mines | Destroyed by S-10 Pest with Light Assault Rifle Last Messages --------------- 01271_ as-70700 destroyed. 01276_ as-53985 destroyed. 01281_ as-85480 suffers critical hit (Destroy). 01281_ Destroyed Asb. Hover Unit. 01283_ C-45 Heavy ARC bursts open, deploying its payload. 01283_ D-53 Grenadier unfolds itself. 01285_ The unstable cave ceiling collapses. 01285_ as-85480 destroyed. 01286_ as-68158 destroyed. 01287_ Mining Laser destroyed. 01287_ as-06997 destroyed. 01290_ The unstable cave ceiling collapses. 01291_ Lgt. Ion Engine destroyed. 01292_ The unstable cave ceiling collapses. 01365_ Slammed into T-07 Excavator. Ramming works as a last resort when unarmed or blocked, but can have serious negative consequences. 01365_ T-07 Excavator knocked back. Map ----- +----------------------------------------------------+ | ?????????????????????????????????????? | | ?????????????????????????????????????? | | ?????????????????????????????????????? | | ?????????????????????????????????????? | | ?????????????????????????????????????? | | ?????????????????????????????????????? | | ?????????????????????????????????????? | | ?????????????????????????????????????? | | ?????????????????????????????????????? | | ?????????????????????????????????????? | | ?????????????????????????????????????? | | ?????????????????????????????????????? | | ?????????????????????????????????????? | | ?????????????????????????????????????? | | ?????????????????????????????????????? | | ?????????????????????????????????????? | | ?????????????????????????????????????? | | ???????????????????????#####?????????? | | ??????????????????????? ?????????? | | ???????????????????????? ss??????????? | | ???????????????????????? ??????????? | | ???????????????????????? ??????????? | | ???????????????????????? ??????????? | | ????????????????????????#s#??????????? | | ????????????############# #??????????? | | ????????????# ##@#??????????? | | ????????????# #??????????? | | ???????###### ####??????????? | | ???????# """ """ #?????????????? | | ???????# #### """ """ #?????????????? | | ???????# #??# """ """ #?????????????? | | ???????# #??# #?????????????? | | ???????# #??# #?????????????? | | ???????# #??############?????????????? | | ???????# #???????????????????????????? | | ??????## #???????????????????????????? | | ?????## ###########?????????????????? | | ????## ?????????????? | | ???## ?????????????? | | ??## #### ##### #????????????????? | | ??# #??? #????????????????????????? | | ??# #????#????????????????????????? | | ??## #?????????????????????????????? | | ???### #?????????????????????????????? | | ?????# #?????????????????????????????? | | ?????# #?????????????????????????????? | | ?????# #?????????????????????????????? | | ?????# #?????????????????????????????? | | ###### #?????????????????????????????? | | ! #?????????????????????????????? | +----------------------------------------------------+ Best States ------------- Heat Dissipation 25 Energy Generation 10 Energy Capacity 125 Matter Stores 300 Matter Capacity 300 Sight Range 16 Terrain Scan Density 10 Evasion (%) 40 Recoil Reduction 2 Item Schematics ----------------- None Robot Schematics ------------------ None Fabricated ------------ Nothing Repaired ---------- Nothing Studied --------- None Alien Tech Used ----------------- None Achievements -------------- None Challenges ------------ None Game ------ Seed FissionScimitarChronowheel Manual? 0 Play Time 00:13:48 Cumulative 159.6 hours Start 2026.09.10 @ 18:31:07 End 2026.09.10 @ 18:44:21 Sessions 6 Manual Loads 0 Difficulty Rogue Special Mode None Game No. 169 Rogue 169 Adventurer 0 Explorer 0 Win Type - Total 5 Types 4/0/1/0/0/0/0/0/0/0 Lore% 71 Gallery% 59 Achievement% 46 Wizard Run 0 Options --------- Layout 1 ASCII 0 Keyboard 1 Movement Vi Keybinds 0 Fullscreen 1 Font 32/Tamsyn Map View 50x35 Zoom Use 9% Tactical HUD 1 Map Filters NONE Filters NONE Steam 1 RUN: 55b2274a-1432-4228-8d68-688034fa9805